 Dungeon Crawl Stone Soup version 0.29.1-15-g9cfb28693d (webtiles) character file.

Game seed: 13336805553729255016

166 ChiefBigBeans the Grave Robber (level 5, -1/41 HPs)
             Began as a Ghoul Necromancer on Feb 21, 2023.
             Slain by a black bear (3 damage)
             ... on level 4 of the Dungeon.
             The game lasted 00:11:31 (4123 turns).

ChiefBigBeans the Grave Robber (Ghoul Necromancer)  Turns: 4123, Time: 00:11:31

Health: -1/41      AC:  2    Str: 12    XL:     5   Next: 47%
Magic:  4/8        EV: 12    Int: 12    God:
Gold:   233        SH:  0    Dex:  9    Spells: 8/9 levels left

rFire   . . .      SeeInvis .   e - +4 dagger
rCold   + . .      Faith    .   (no shield)
rNeg    + + +      Spirit   .   a - +0 robe
rPois   ∞          Reflect  .   (no helmet)
rElec   .          Harm     .   (no cloak)
rCorr   .          Rampage  .   (no gloves)
Will    .....                   (no boots)
Stlth   ++........              (no amulet)
HPRegen 0.00/turn               r - ring of wizardry
MPRegen 0.11/turn               (no ring)

@: about to teleport, inhibited regen
A: claws 1, cold resistance 1, negative energy resistance 3, inhibited
regeneration, torment resistance 2, devour on kill
a: no special abilities


You were on level 4 of the Dungeon.
You visited 1 branch of the dungeon, and saw 4 of its levels.

You collected 233 gold pieces.

Inventory:

Hand Weapons
 e - a +4 dagger (weapon)
 f - a +2 vorpal mace
Armour
 a - a +0 robe (worn)
Magical Staves
 o - a staff of death
 q - a staff of cold
Jewellery
 r - a ring of wizardry (left claw)
 t - a +6 ring of intelligence
Scrolls
 g - 2 scrolls of identify
 j - a scroll of enchant weapon {unknown}
 n - a scroll of immolation
 s - a scroll of torment {unknown}
Potions
 b - a potion of magic
 c - a potion of might {unknown}
 d - a potion of haste {unknown}
 h - a potion of attraction {unknown}
 i - a potion of cancellation {unknown}
 l - 4 potions of ambrosia
 m - a potion of degeneration {unknown}
 p - 2 potions of curing {unknown}


   Skills:
 + Level 2.3 Fighting
 + Level 1.8 Short Blades
 - Level 2.0 Dodging
 - Level 2.5 Stealth
 + Level 2.7 Spellcasting
 + Level 4.7 Necromancy


You had 8 spell levels left.
You knew the following spells:

 Your Spells              Type           Power      Damage    Failure   Level
a - Necrotise             Necr           52%        1d6       1%          1

Your spell library contained the following spells:

 Spells                   Type           Power      Damage    Failure   Level
 Vampiric Draining        Necr           13%        2d6       4%          3
 Animate Dead             Necr           13%        N/A       14%         4
 Poisonous Vapours        Pois/Air       2%         N/A       16%         2
 Gell's Gravitas          Tloc           1%         N/A       28%         3
 Lesser Beckoning         Tloc           1%         N/A       28%         3
 Teleport Other           Tloc           1%         N/A       28%         3
 Agony                    Necr           13%        N/A       36%         5
 Corpse Rot               Necr/Pois/Air  5%         N/A       45%         4
 Summon Lightning Spire   Summ/Air       1%         N/A       65%         4
 Maxwell's Capacitive Co  Air            0%         ∞         100%        8
 Storm Form               Tmut/Air       Unusable   N/A       N/A         7

Dungeon Overview and Level Annotations

Branches:
Dungeon (4/15)
 Temple: D:4-7

Altars:

Shops:
D:4 ?


Innate Abilities, Weirdness & Mutations

You are immune to poison.
You have sharp fingernails.
Your flesh is cold resistant. (rC+)
You are immune to negative energy. (rN+++)
You do not regenerate when monsters are visible.
You are immune to unholy pain and torment.
You thrive by killing the living.


Message History

Press: ? - help, Q - select action Shift-Dir - straight line, f - black bear
Aim: a black bear (wandering, hasn't noticed you, chance to affect: 69%)
The black bear growls angrily.
The black bear writhes in agony.
Aiming: Necrotise (safe; 1% risk of failure)
Press: ? - help, Q - select action Shift-Dir - straight line, f/p - black bear
Aim: a black bear (lightly wounded, chance to affect: 69%)
The black bear struggles to resist.
Aiming: Necrotise (safe; 1% risk of failure)
Press: ? - help, Q - select action Shift-Dir - straight line, f/p - black bear
Aim: a black bear (lightly wounded, chance to affect: 69%)
The black bear writhes in agony.
Aiming: Necrotise (safe; 1% risk of failure)
Press: ? - help, Q - select action Shift-Dir - straight line, f/p - black bear
Aim: a black bear (moderately wounded, chance to affect: 69%)
The black bear writhes in agony.
You hit the black bear.
The black bear is heavily wounded.
The black bear bites you! The black bear closely misses you.
The black bear misses you.
You hit the black bear but do no damage.
The black bear is heavily wounded.
The black bear bites you! The black bear barely misses you.
The black bear claws you.
You barely miss the black bear.
The black bear is heavily wounded.
The black bear bites you. The black bear claws you. x2
* * * LOW HITPOINT WARNING * * *
You hit the black bear.
The black bear is severely wounded.
The black bear bites you.
* * * LOW HITPOINT WARNING * * *
The black bear claws you but does no damage.
The black bear claws you.
* * * LOW HITPOINT WARNING * * *
As you read the scroll of teleportation, it crumbles to dust.
You feel strangely unstable. The black bear bites you.
* * * LOW HITPOINT WARNING * * *
The black bear claws you.
You die...

##### ##...##
##########
#.....#######......)..
#...........†..######.
#.....#######)#######.
##...## ### #.....
###.## #.###. #.@# ##.
##h# # #.. 8.8# #.##.#
...... #..... .#8.8#..
####.# .###.###... #.#
#. ... ... #.# # .##
## #.# ##.#


You could see a black bear.

Vanquished Creatures
  9 adders
  5 dart slugs
  2 orcs (D:3)
  8 bats
  4 endoplasms
  2 giant cockroaches (D:2)
  4 goblins (D:2)
  9 hobgoblins
  4 jackals (D:4)
  2 quokkas (D:1)
  5 ball pythons
  5 frilled lizards
  5 kobolds
  4 rats
68 creatures vanquished.

Vanquished Creatures (collateral kills)
  2 endoplasms
2 creatures vanquished.

Grand Total: 70 creatures vanquished

Notes
Turn   | Place    | Note
-------+----------+-------------------------------------------
     0 | D:1      | ChiefBigBeans the Ghoul Necromancer began the quest for the
                  | Orb.
     0 | D:1      | Reached XP level 1. HP: 14/14 MP: 2/2
    57 | D:1      | Reached XP level 2. HP: 5/20 MP: 3/3
   987 | D:1      | Reached XP level 3. HP: 27/27 MP: 2/5
  1448 | D:2      | Reached skill level 1 in Fighting
  1734 | D:2      | Reached skill level 1 in Short Blades
  1794 | D:2      | Reached XP level 4. HP: 29/35 MP: 6/6
  2965 | D:3      | Reached XP level 5. HP: 20/41 MP: 5/7
  3389 | D:3      | Found a faded altar of an unknown god.
  3919 | D:4      | Found Edwus's Magic Scroll Shoppe.
  4112 | D:4      | Noticed a black bear
  4123 | D:4      | HP: 2/41 [black bear (5)]
  4123 | D:4      | Slain by a black bear

Illustrated notes

Levels and vault maps discovered:
D:1:      lightli_arrival_statue_moat, layout_basic, minmay_misc_feat_room,
          minmay_misc_feat_enclosed, minmay_hedge_maze
D:2:      layout_loops_ring
D:3:      minmay_wonky_spiral, layout_basic, hellmonk_ecumenical_altar_lost_god,
          minmay_misc_feat_cross, minmay_misc_feat_four_crosses
D:4:      layout_loops_cross, serial_shops, nicolae_shop_stone,
          small_statue_intersection

Skill      XL: |  1  2  3  4  5 |
---------------+----------------+-----
Dodging        | 2 |  2.0
Spellcasting   | 2 |  2.7
Fighting       | 1 2 |  2.3
Short Blades   | 1 |  1.8
Stealth        | |  2.5
Necromancy     | |  4.7

Action                   |  1- 3 |  4- 6 || total
-------------------------+-------+-------++-------
Melee: Unarmed           |    29 |       ||    29
       Dagger            |    70 |   151 ||   221
       Punch             |       |     3 ||     3
 Cast: Necrotise         |    15 |    14 ||    29
  Use: Scroll            |       |     6 ||     6
 Stab: Sleeping          |     1 |     1 ||     2
Armor: Robe              |    27 |    43 ||    70
Dodge: Dodged            |    87 |   104 ||   191
